 Dungeon Crawl Stone Soup version 0.17-a0-1368-g6ab37f2 (webtiles) character file.

71765 Raurakos the Martial Artist (level 15, -3/80 HPs)
             Began as a Vine Stalker Transmuter on June 10, 2015.
             Was the Champion of Makhleb.
             Slain by a sixfirhy (6 damage)
             ... on level 4 of the Orcish Mines on June 12, 2015.
             The game lasted 02:27:37 (22146 turns).

Raurakos the Martial Artist (VSTm)                 Turns: 22146, Time: 02:27:38

Health: -3/80      AC:  9    Str: 14    XL:     15   Next: 37%
Magic:  0/33       EV: 20    Int: 13    God:    Makhleb [******]
Gold:   2336       SH:  0    Dex: 20    Spells: 3 memorised, 15 levels left

rFire  + + .     SeeInvis .       - Unarmed
rCold  . . .     Clarity  +     b - +2 leather armour {rF+}
rNeg   . . .     SustAt   .     (shield currently unavailable)
rPois  +         Gourm    .     r - +1 hat {rF+}
rElec  .         Spirit   +     q - +1 cloak {rPois}
rCorr  .         Warding  .     (gloves currently unavailable)
rMut   .         Stasis   .     F - +0 pair of boots
MR     ++...                    V - amulet of clarity
Stlth  ++........               J - ring of magical power
                                t - ring of protection from magic

@: lethally poisoned (-3 -> -9), blade hands (expiring), very resistant to
hostile enchantments, unstealthy
A: fangs 3, regeneration 3, magic shield, antimagic bite, no device heal 3, rot
immunity
a: End Transformation, Minor Destruction, Lesser Servant of Makhleb, Major
Destruction, Greater Servant of Makhleb, Renounce Religion


You were on level 4 of the Orcish Mines.
You worshipped Makhleb.
Makhleb was exalted by your worship.
You were hungry.
You had blades for hands.
You visited 4 branches of the dungeon, and saw 23 of its levels.
You also visited: Labyrinth and Volcano.

You collected 2336 gold pieces.

Inventory:

Hand weapons
 o - a +1 blowgun
Missiles
 z - 5 curare-tipped needles
 C - 20 poisoned needles
Armour
 b - a +2 leather armour of fire resistance (worn)
 q - a +1 cloak of poison resistance (worn)
 r - a +1 hat of fire resistance (worn)
 F - a +0 pair of boots (worn)
Magical staves
 Q - an uncursed staff of wizardry
Rods
 d - a +0 rod of shadows (12/12)
   (You found it on level 10 of the Dungeon)
Jewellery
 g - an uncursed amulet of stasis
 n - an uncursed ring of see invisible
 t - a ring of protection from magic (left scythe-like blade)
 E - an uncursed ring of positive energy
 G - an uncursed ring of sustain attributes
 J - a ring of magical power (right scythe-like blade)
 V - an amulet of clarity (around neck)
Magical devices
 e - a wand of fire (4)
 s - a wand of digging (7)
 x - a wand of digging (11)
 Z - a wand of teleportation (3)
Scrolls
 f - 2 scrolls of fear {unknown}
 i - 5 scrolls of teleportation {unknown}
 v - a scroll of summoning
 w - 6 scrolls of recharging
 B - 8 scrolls of remove curse
 D - 2 scrolls of magic mapping
 H - a scroll of random uselessness {unknown}
 I - 5 scrolls of noise {unknown}
 K - 4 scrolls of blinking
 S - a scroll of silence {unknown}
 X - 2 scrolls of amnesia {unknown}
Potions
 a - 4 potions of berserk rage
 h - 5 potions of brilliance
 j - 2 potions of cure mutation
 l - 4 potions of agility
 p - 2 potions of flight
 O - 8 potions of curing
 P - 2 potions of resistance
 R - 5 potions of might
 U - a potion of heal wounds {unknown}
Miscellaneous
 Y - a fan of gales
Comestibles
 c - a chunk of flesh
 k - a beef jerky
 m - 6 bread rations


   Skills:
 - Level 10.0 Fighting
 - Level 3.0 Armour
 - Level 10.0 Dodging
 - Level 14.0 Unarmed Combat
 - Level 5.0 Spellcasting
 - Level 10.0 Transmutations
 - Level 5.0 Poison Magic
 + Level 11.6 Invocations


You had 15 spell levels left.
You knew the following spells:

 Your Spells              Type           Power        Failure   Level  Hunger
a - Beastly Appendage     Trmt           ####..       12%         1    None
b - Spider Form           Trmt/Pois      ###.......   28%         3    ###....
c - Blade Hands           Trmt           ####......   50%         5    ######.


Dungeon Overview and Level Annotations

Branches:
Dungeon (10/15)            Temple (1/1) D:6            Lair (8/8) D:10
  Swamp (0/4) Lair:3        Snake (0/4) Lair:3        Slime (0/6) Lair:7
    Orc (4/4) D:10
    Elf: Orc:3-4

Altars:
Ashenzari
Cheibriados
Dithmenos
Elyvilon
Fedhas
Gozag
Kikubaaqudgha
Makhleb
Nemelex Xobeh
Okawaru
Qazlal
Ru
Sif Muna
Trog
Vehumet
Xom
Yredelemnul
Zin
The Shining One

Shops:
Orc:4 !**

Annotations:
D:9 Erica
D:10 Harold
Lair:1 Joseph
Lair:6 exclusion: 2 oklob plants
Orc:4 4thArraOfDagon's ghost, powerful NaAK


Innate Abilities, Weirdness & Mutations

You have razor-sharp teeth.
You regenerate.
When hurt, damage is shared between your health and your magic reserves.
Your bite disrupts and absorbs the magic of your enemies.
Potions and wands cannot restore your health.
You are immune to rotting.


Message History

Your ufetubus dies!
Your ynoxinul hits 4thArraOfDagon's ghost but does no damage.
Items here: ))) [[[ † You feel sick.
The sixfirhy hits you. The sixfirhy shocks you! The sixfirhy misses you.
You see here a trident.
You slice the sixfirhy!!
The sixfirhy is almost dead.
You feel sick.
Your ufetubus disappears in a puff of smoke!
The sixfirhy hits you! The sixfirhy shocks you!
* * * LOW HITPOINT WARNING * * *
The sixfirhy hits you!
* * * LOW HITPOINT WARNING * * *
The sixfirhy shocks you!
* * * LOW HITPOINT WARNING * * *
The sixfirhy hits you!
* * * LOW HITPOINT WARNING * * *
The sixfirhy shocks you!
You die...

###)5.# ##
#)).##
##..##
####..##
##.###..##
#...###.(##
#.#.###.(##
#...###)[##
#...###@)##
#.5)###4.##
#W)4..§..#
##355#....#
##....#...#
##.....#.∩#
##..#.....#
.....#.∩##
...#...##


You could see a sixfirhy.

Vanquished Creatures
  Maud (Lair:5)
  An orc warlord (Orc:3)
  A minotaur (Lab)
  A fire dragon (Lair:8)
  Josephine (Lair:8)
  3 hydras
  Erolcha (Orc:1)
  11 death yaks
  A fire crab (Lair:7)
  3 orc knights
  2 hill giants (D:10)
  2 griffons
  2 orc sorcerers (Orc:3)
  22 elephants
  Maurice (D:10)
  A rust devil (Orc:4)
  5 gargoyles (Lab)
  2 torpor snails (Lair:7)
  14 spiny frogs
  3 black mambas
  10 komodo dragons
  4 wandering mushrooms (Lab)
  4 fire drakes
  A red devil (Orc:4)
  8 polar bears (Lair:8)
  3 raiju (Lair:8)
  12 blink frogs
  A minotaur skeleton (Lab)
  3 trolls
  2 trapdoor spiders (Lab)
  31 yaks
  A fire bat (Volcano)
  3 wyverns
  3 wraiths
  11 hippogriffs
  3 mottled dragons (Lair:8)
  3 nagas (Lair:3)
  A chaos spawn (Orc:4)
  7 wargs
  Menkaure (D:6)
  Edmund (D:5)
  3 deep elf fighters (Volcano)
  22 wolves
  A steam dragon (Lair:8)
  3 hell hounds
  A soldier ant (D:10)
  6 porcupines
  3 swamp drakes (Lair:8)
  11 water moccasins
  29 orc warriors
  2 ice beasts
  13 black bears
  A sky beast (D:2)
  4 phantoms
  A wasp (D:8)
  8 ogres
  The ghost of Charly the Insei, an average DsSk (D:3)
  3 centaurs
  2 big kobolds
  17 crocodiles
  17 giant frogs
  An earth elemental (Lab)
  2 scorpions
  An electric eel (Lair:3)
  2 crimson imps (D:5)
  2 giant frog zombies
  28 orc priests
  14 hounds
  6 jellies
  A giant frog skeleton (D:10)
  9 iguanas
  2 centaur skeletons
  2 worker ants
  20 orc wizards
  28 sheep
  A killer bee zombie (D:7)
  A hound skeleton (D:9)
  9 adders
  41 river rats
  2 shadow imps
  An adder zombie (D:9)
  6 oozes
  3 worms
  A giant gecko (D:4)
  128 orcs
  15 bats
  2 bat skeletons
  A bat zombie (D:6)
  23 goblins
  27 hobgoblins
  6 jackals
  6 quokkas
  A ball python zombie (D:5)
  5 giant cockroaches
  A giant gecko skeleton (D:8)
  3 giant newts
  A jackal skeleton (D:6)
  20 kobolds
  15 rats
  3 plants (Lair:8)
779 creatures vanquished.

Vanquished Creatures (collateral kills)
  A hydra (Lair:1)
  A death yak (Lair:7)
  Sonja (Lair:4)
  A blink frog (Lair:5)
  A deep elf mage (D:10)
  A yak (Lair:4)
  A basilisk (Lair:1)
  A hippogriff (Lair:1)
  A wolf (Lair:8)
  A warg (Lair:8)
  6 orc warriors
  3 orc priests
  An iguana (Lair:3)
  2 orc wizards
  9 orcs
  A plant (Lair:3)
32 creatures vanquished.

Vanquished Creatures (others)
  6 fungi (Lair:7)
  11 plants
17 creatures vanquished.

Grand Total: 828 creatures vanquished

Notes
Turn   | Place    | Note
--------------------------------------------------------------
     0 | D:1      | Raurakos the Vine Stalker Transmuter began the quest for the Orb.
     0 | D:1      | Reached XP level 1. HP: 9/9 MP: 4/4
   170 | D:1      | Reached XP level 2. HP: 10/14 MP: 6/6
   559 | D:1      | Reached skill level 4 in Unarmed Combat
   901 | D:2      | Reached XP level 3. HP: 17/17 MP: 7/7
   944 | D:2      | Learned a level 3 spell: Spider Form
  1418 | D:2      | Reached XP level 4. HP: 21/21 MP: 8/8
  2026 | D:3      | Noticed Charly's ghost (average DsSk)
  2046 | D:3      | Killed Charly's ghost
  2046 | D:3      | Reached skill level 5 in Unarmed Combat
  2046 | D:3      | Reached XP level 5. HP: 13/25 MP: 2/9
  2316 | D:3      | Reached skill level 6 in Unarmed Combat
  2593 | D:3      | Noticed a sky beast
  2645 | D:2      | Killed a sky beast
  2645 | D:2      | Reached skill level 7 in Unarmed Combat
  2645 | D:2      | Gained mutation: You heal very quickly. [Vine Stalker growth]
  2645 | D:2      | Reached XP level 6. HP: 23/29 MP: 10/10
  2867 | D:4      | Got a brightly glowing leather armour
  2878 | D:4      | Identified the +2 leather armour of the Lotus Blossom {rN++ Str-3 Int+4} (You found it on level 4 of the Dungeon)
  3347 | D:4      | Reached XP level 7. HP: 32/32 MP: 8/11
  3698 | D:5      | Entered Level 5 of the Dungeon
  3858 | D:5      | Found an opulent altar of Gozag.
  3869 | D:5      | Noticed Edmund
  4089 | D:5      | Killed Edmund
  4089 | D:5      | Reached skill level 5 in Dodging
  4089 | D:5      | Gained mutation: You have razor-sharp teeth. [Vine Stalker growth]
  4089 | D:5      | Reached XP level 8. HP: 35/37 MP: 8/12
  4206 | D:5      | Reached skill level 1 in Poison Magic
  4445 | D:5      | Gained mutation: You occasionally shout uncontrollably at your foes. [potion of mutation]
  4445 | D:5      | Gained mutation: You are partially covered in thin metallic scales (AC +2). [potion of mutation]
  4445 | D:5      | Gained mutation: You are robust (+10% HP). [potion of mutation]
  4449 | D:5      | Lost mutation: You occasionally shout uncontrollably at your foes. [potion of cure mutation]
  4449 | D:5      | Lost mutation: You are robust (+10% HP). [potion of cure mutation]
  4449 | D:5      | Lost mutation: You are partially covered in thin metallic scales (AC +2). [potion of cure mutation]
  4518 | D:5      | Found a glowing silver altar of Zin.
  5162 | D:6      | Found a staircase to the Ecumenical Temple.
  5170 | Temple   | Entered the Ecumenical Temple
  5350 | D:6      | Learned a level 5 spell: Blade Hands
  5632 | D:6      | Found a sacrificial altar of Ru.
  5682 | D:6      | Found a sparkling altar of Nemelex Xobeh.
  5688 | D:6      | Found a shimmering altar of Xom.
  5688 | D:6      | Found a burning altar of Makhleb.
  5696 | D:6      | Became a worshipper of Makhleb the Destroyer
  5838 | D:6      | Noticed Menkaure
  5887 | D:6      | Killed Menkaure
  5887 | D:6      | Reached skill level 5 in Transmutations
  5887 | D:6      | Reached XP level 9. HP: 31/40 MP: 11/13
  6700 | D:7      | Found an ancient bone altar of Kikubaaqudgha.
  6775 | D:8      | Reached skill level 5 in Poison Magic
  6932 | D:8      | Reached skill level 1 in Fighting
  6986 | D:8      | Acquired Makhleb's first power
  7025 | D:8      | Found a snail-covered altar of Cheibriados.
  7311 | D:8      | Found a glowing golden altar of the Shining One.
  8023 | D:9      | Noticed Erica
  8082 | D:8      | Reached skill level 8 in Unarmed Combat
  8179 | D:7      | You fall through a shaft!
  8440 | D:9      | Reached skill level 9 in Unarmed Combat
  8582 | D:9      | Reached XP level 10. HP: 32/45 MP: 14/14
  8600 | D:9      | Reached skill level 10 in Unarmed Combat
  8793 | D:9      | Acquired Makhleb's second power
  9079 | D:10     | Entered Level 10 of the Dungeon
  9139 | D:10     | Noticed Harold
  9154 | D:10     | Found a staircase to the Lair.
  9170 | D:10     | Noticed a hill giant
  9179 | Lair:1   | Entered Level 1 of the Lair of Beasts
  9289 | Lair:1   | Found a dark tunnel.
  9295 | Volcano  | Entered a volcano
  9335 | Volcano  | Reached skill level 11 in Unarmed Combat
  9565 | Lair:1   | Noticed a seven-headed hydra
  9600 | Lair:1   | Noticed a black mamba
  9619 | Lair:1   | Killed a black mamba
  9792 | Lair:1   | Reached skill level 12 in Unarmed Combat
  9921 | Lair:1   | Reached XP level 11. HP: 45/49 MP: 9/15
  9945 | Lair:2   | Acquired Makhleb's third power
 10119 | Lair:2   | Found a labyrinth entrance.
 10133 | Lab      | Entered a labyrinth
 10642 | Lab      | Noticed a minotaur
 10654 | Lab      | Killed a minotaur
 11085 | Lair:1   | Noticed Joseph
 11133 | Lair:1   | Acquired Makhleb's fourth power
 11156 | Lair:1   | Reached skill level 1 in Invocations
 11467 | Lair:1   | Killed a seven-headed hydra
 11467 | Lair:1   | Gained mutation: You regenerate. [Vine Stalker growth]
 11467 | Lair:1   | Reached XP level 12. HP: 44/53 MP: 16/16
 11810 | Lair:3   | Found a staircase to the Swamp.
 11862 | Lair:3   | Reached skill level 5 in Invocations
 12168 | Lair:3   | Found a staircase to the Snake Pit.
 13038 | Lair:4   | Noticed Sonja
 13076 | Lair:4   | Killed Sonja
 13127 | Lair:4   | Noticed a four-headed hydra
 13137 | Lair:4   | Killed a four-headed hydra
 13145 | Lair:4   | Reached skill level 10 in Transmutations
 13661 | Lair:5   | Reached skill level 10 in Dodging
 13788 | Lair:5   | Acquired Makhleb's fifth power
 13832 | Lair:5   | Noticed Maud
 13844 | Lair:5   | Killed Maud
 13844 | Lair:5   | Reached XP level 13. HP: 43/61 MP: 13/18
 14269 | Lair:5   | Upgraded the game from 0.17-a0-1337-ge651487 to 0.17-a0-1368-g6ab37f2
 14642 | Lair:6   | Reached skill level 5 in Fighting
 15477 | Lair:7   | Found a staircase to the Slime Pits.
 16312 | Lair:8   | Entered Level 8 of the Lair of Beasts
 16341 | Lair:8   | Noticed Josephine
 16393 | Lair:8   | Reached skill level 10 in Fighting
 16582 | Lair:8   | Killed Josephine
 16582 | Lair:8   | Reached XP level 14. HP: 77/77 MP: 20/20
 17480 | Lair:8   | Reached skill level 10 in Invocations
 17866 | Lair:8   | Reached skill level 13 in Unarmed Combat
 18634 | Lair:8   | Reached skill level 14 in Unarmed Combat
 18960 | D:10     | Reached XP level 15. HP: 78/80 MP: 23/23
 19065 | D:10     | Killed a hill giant
 19107 | D:10     | Identified a +0 rod of shadows (12/12) (You found it on level 10 of the Dungeon)
 19159 | D:10     | Noticed a hill giant
 19169 | D:10     | Killed a hill giant
 19224 | D:10     | Noticed Maurice
 19238 | D:10     | Killed Maurice
 19401 | D:10     | Found a staircase to the Orcish Mines.
 19410 | Orc:1    | Entered Level 1 of the Orcish Mines
 19508 | Orc:1    | Reached skill level 5 in Spellcasting
 20349 | Orc:1    | Noticed Erolcha
 20426 | Orc:1    | Found a radiant altar of Vehumet.
 21210 | Orc:1    | Killed Erolcha
 21327 | Orc:4    | Entered Level 4 of the Orcish Mines
 21868 | Orc:4    | Found Adur's Distillery.
 21987 | Orc:4    | Found Vudekhiu's General Store.
 22034 | Orc:4    | Found Lofal's General Store.
 22130 | Orc:4    | Noticed 4thArraOfDagon's ghost (powerful NaAK)
 22146 | Orc:4    | HP: 3/80 [sixfirhy (7)]
 22146 | Orc:4    | Slain by a sixfirhy

Vault maps used:
D:1:      dpeg_cavernosity, serial_forest, infiniplex_forest_clump_diagonal,
          infiniplex_forest_lined_2, infiniplex_forest_end_2,
          infiniplex_forest_lined_2, infiniplex_forest_lined_4_way,
          infiniplex_forest_lined_room_2, infiniplex_forest_end_2,
          infiniplex_forest_straight_5
D:2:      first_bread, grunt_ministairs_2, minmay_liquid_box
D:5:      lemuel_doored_altar, kennysheep_mini_moat, uniq_edmund
D:6:      minitemple, minmay_temple_entry_overgrown, uniq_menkaure
D:7:      nicolae_overflow_hidden_temple, corner_web_ring
D:8:      cheibriados_altar_1, tso_metal_star
D:9:      hangedman_little_slice_of_home, uniq_erica
D:10:     lair_0_dummy, david_orc_4, uniq_harold, uniq_maurice
Temple:   roderic_octagonal_lattice_temple
Lair:1:   nicolae_volcano_entry_s_turn, uniq_joseph
Lair:2:   lab_entry_generic
Lair:3:   swamp_mist, guppyfry_snake_entry_garden, infiniplex_staircase_pool
Lair:4:   uniq_sonja
Lair:5:   st_stairs_4, grunt_megastairs_3, uniq_maud
Lair:6:   dpeg_oklob_1, serial_bayou_shore_b
Lair:7:   slime_dummy, ldierk_geyser, st_stairs_3
Lair:8:   guppyfry_lair_end_dragon, hangedman_lair_caniforms_friends,
          st_stairs_4, uniq_josephine
Orc:1:    cheibrodos_orc_bank, basic_altar, uniq_erolcha
Orc:3:    nicolae_orc_pool_cavern
Orc:4:    pf_orc_diabolical, serial_shops, shop
Lab:      labyrinth_spiral, nicolae_lab_checkerboard, nicolae_lab_grate_2,
          labyrinth_skeletal_remains, nicolae_lab_diamond, nicolae_lab_quarters,
          nicolae_lab_very_dead_end, lab_statue, nicolae_lab_swirl,
          nicolae_lab_lava, lab_hedge, nicolae_lab_x, nicolae_lab_grate
Volcano:  volcano_village

Action                   |  1- 3 |  4- 6 |  7- 9 | 10-12 | 13-15 || total
-------------------------+-------+-------+-------+-------+-------++-------
Melee: Unarmed           |   116 |   147 |   340 |   671 |  1342 ||  2616
       Staff             |       |       |       |     1 |       ||     1
 Fire: Hand crossbow     |       |    30 |    18 |     2 |       ||    50
       Hunting sling     |       |     4 |       |       |       ||     4
       Blowgun           |       |     1 |    51 |     4 |       ||    56
Throw: Stone             |    66 |    68 |    49 |    17 |       ||   200
 Cast: Spider Form       |       |       |     3 |    22 |     5 ||    30
       Blade Hands       |       |       |       |    18 |    41 ||    59
Invok: Minor Destruction |       |       |       |    99 |   245 ||   344
       Lesser Servant of |       |       |       |     9 |    15 ||    24
       Major Destruction |       |       |       |       |     3 ||     3
       Greater Servant o |       |       |       |       |     1 ||     1
  Use: Scroll            |       |       |    11 |    10 |     4 ||    25
       Potion            |       |       |     3 |     2 |       ||     5
 Stab: Sleeping          |       |     2 |     5 |     3 |     4 ||    14
       Distracted        |       |       |     1 |     2 |     4 ||     7
       Fleeing           |       |       |       |       |     1 ||     1
  Eat: Chunk             |     2 |     5 |    18 |    22 |    55 ||   102
       Meat ration       |       |       |       |     2 |       ||     2
       Pizza             |       |       |       |     1 |       ||     1
       Royal jelly       |       |       |       |       |     1 ||     1
